 Dungeon Crawl Stone Soup version 0.20.0-8-g6b59dc7 (webtiles) character file.

134 Kosschaser the Sneak (level 4, -13/24 HPs)
             Began as a Deep Elf Enchanter on June 1, 2017.
             Killed by divine providence
             ... invoked by an orc priest
              (17 damage)
             ... on level 3 of the Dungeon.
             The game lasted 00:10:31 (2728 turns).

Kosschaser the Sneak (Deep Elf Enchanter)           Turns: 2728, Time: 00:10:31

Health: -13/24     AC:  3    Str:  5    XL:     4   Next: 95%
Magic:  0/12       EV: 13    Int: 20    God:
Gold:   113        SH:  0    Dex: 16    Spells: 2/11 levels left

rFire    + . .     SeeInvis .   m - +2 dagger (pain)
rCold    + . .     Gourm    .   (no shield)
rNeg     . . .     Faith    .   b - +0 robe
rPois    .         Spirit   .   (no helmet)
rElec    .         Reflect  .   j - +0 cloak
rCorr    .         Harm     .   (no gloves)
MR       .....                  (no boots)
Stlth    +++.......             (no amulet)
Regen    0.1/turn               s - ring of protection from cold
MPRegen  0.2/turn               p - ring of protection from fire

@: no status effects
A: no striking features
a: no special abilities


You were on level 3 of the Dungeon.
You were not hungry.

You visited 1 branch of the dungeon, and saw 3 of its levels.

You collected 113 gold pieces.

Inventory:

Hand Weapons
 m - a +2 dagger of pain (weapon)
Armour
 b - a +0 robe (worn)
 j - a +0 cloak (worn)
Jewellery
 p - a ring of protection from fire (right hand)
 s - a ring of protection from cold (left hand)
Wands
 t - a wand of random effects (28/48)
Scrolls
 g - 4 scrolls of enchant weapon {unknown}
 h - 3 scrolls of identify {unknown}
 i - a scroll of amnesia {unknown}
 n - a scroll of remove curse {unknown}
 o - a scroll of recharging {unknown}
 q - a scroll of fear {unknown}
 r - 2 scrolls of random uselessness {unknown}
 u - a scroll of immolation {unknown}
 v - a scroll of fog {unknown}
Potions
 a - a potion of agility {unknown}
 e - a potion of haste {unknown}
 f - 2 potions of lignification {unknown}
 k - 2 potions of heal wounds {unknown}
 l - a potion of mutation {unknown}
Books
 c - a book of Maledictions

   Spells                             Type                      Level
   a - Corona                         Hexes                        1
   b - Ensorcelled Hibernation        Hexes/Ice                    2
   c - Confuse                        Hexes                        3
   d - Tukima's Dance                 Hexes                        3
   e - Dazzling Spray                 Conjuration/Hexes            3
Comestibles
 d - 4 bread rations
 w - 2 chunks of flesh


   Skills:
 + Level 0.1 Fighting
 + Level 1.4 Short Blades
 + Level 2.8 Dodging
 * Level 5.6 Stealth
 + Level 4.2 Spellcasting
 + Level 4.5 Hexes
 + Level 0.7 Ice Magic


You had 2 spell levels left.
You knew the following spells:

 Your Spells              Type           Power        Failure   Level  Hunger
a - Corona                Hex            ###....      1%          1    None
b - Ensorcelled Hibernat  Hex/Ice        ##....       6%          2    #......
c - Confuse               Hex            ###.....     6%          3    ###....
d - Tukima's Dance        Hex            ###.....     6%          3    ###....


Dungeon Overview and Level Annotations

Branches:
Dungeon (3/15)

Altars:
Xom
Yredelemnul


Message History

Casting: Ensorcelled Hibernation
Confirm with . or Enter, or press ? or * to list all spells.
Aiming: Ensorcelled Hibernation
Press: ? - help, Shift-Dir - straight line, f - orc
Aim: an orc (chance to defeat MR: 62%)
The orc looks drowsy...
An orc and an orc priest come into view.
The orc shouts!
The orc priest shouts!
The orc moves out of view.
The orc priest invokes the aid of Beogh against you.
Beogh smites you!
Ouch! That really hurt!
* * * LOW HITPOINT WARNING * * *
The orc barely misses you.
Things that are here:
a scale mail; a short sword The orc priest invokes the aid of Beogh against you.
Beogh smites you!
Ouch! That really hurt!
You die...

#.# .# ####.####
####.## #.......#
....... #.#####.#
....... #.# #.#
......# #.#
#.##.o...## #.#
#))o.......
#.#####[##.....##
#....@o.# .#####
######### .. ###


You could see an orc priest and 2 orcs.

Vanquished Creatures
  An iguana (D:3)
  4 adders
  An ooze (D:1)
  3 worms
  A dart slug (D:1)
  4 leopard geckos
  3 orcs (D:3)
  A ball python (D:1)
  4 bats
  3 giant cockroaches
  6 goblins
  3 hobgoblins
  2 jackals (D:1)
  2 quokkas
  2 frilled lizards (D:2)
  A jackal skeleton (D:3)
  4 kobolds
  3 rats
48 creatures vanquished.

Vanquished Creatures (collateral kills)
  An orc (D:3)
  A hobgoblin (D:2)
  A kobold (D:2)
3 creatures vanquished.

Vanquished Creatures (others)
  A dancing weapon (D:3)
1 creature vanquished.

Grand Total: 52 creatures vanquished

Notes
Turn   | Place    | Note
-------+----------+-------------------------------------------
     0 | D:1      | Kosschaser the Deep Elf Enchanter began the quest for the Orb.
     0 | D:1      | Reached XP level 1. HP: 10/10 MP: 6/6
   789 | D:1      | Reached XP level 2. HP: 15/15 MP: 8/8
   793 | D:1      | Learned a level 2 spell: Ensorcelled Hibernation
   828 | D:1      | Reached skill level 4 in Stealth
  1357 | D:2      | Reached XP level 3. HP: 15/19 MP: 2/10
  1603 | D:2      | Learned a level 3 spell: Confuse
  1607 | D:2      | Learned a level 3 spell: Tukima's Dance
  1824 | D:2      | Reached skill level 5 in Stealth
  2151 | D:3      | Found a basalt altar of Yredelemnul.
  2152 | D:3      | Reached XP level 4. HP: 24/24 MP: 11/11
  2220 | D:3      | Found a shimmering altar of Xom.
  2728 | D:3      | Killed from afar by an orc priest

Skill      XL: |  1  2  3  4 |
---------------+-------------+-----
Stealth        | 4 5 |  5.6
Spellcasting   | 4 |  4.2
Fighting       | |  0.1
Short Blades   | |  1.4
Dodging        | |  2.8
Hexes          | |  4.5
Ice Magic      | |  0.7

Action                   |  1- 3 |  4- 6 || total
-------------------------+-------+-------++-------
Melee: Dagger            |    98 |    37 ||   135
 Cast: Corona            |     1 |       ||     1
       Ensorcelled Hiber |    22 |     9 ||    31
       Tukima's Dance    |     5 |     4 ||     9
       Confuse           |       |     2 ||     2
 Stab: Sleeping          |    19 |     8 ||    27
       Distracted        |       |     1 ||     1
  Eat: Chunk             |     5 |     3 ||     8
Armor: Robe              |    16 |     4 ||    20
Dodge: Dodged            |    55 |    19 ||    74
